Map: Neon Violet Square LE

Players

axu - Winner!

  • Race: Protoss Protoss
  • League: Platinum
  • Spawn Location: 5:00

Corpse

  • Race: Terran Terran
  • League: Diamond
  • Spawn Location: 11:00

VOD

Have the link to the VOD?

Description

Time

  • Played on: April 11, 2018, 10:01 a.m.
  • Length: 14:48
Show
View Real Time Build Order
Export as new Build Order

axu Protoss - Winner!

Build Orders: 1 Gate Expand, Oracle Opening 

Get SALT Encoding   

  12  0:01  Probe  
  13  0:15  Probe  
  13  0:20  Pylon  
  14  0:27  Probe  
  15  0:39  Probe  
  15  0:42  Gateway  
  16  0:51  Probe (Chrono Boost)  
  16  0:55  Assimilator  
  17  1:01  Probe (Chrono Boost)  
  18  1:05  Probe (Chrono Boost)  
  19  1:17  Probe  
  20  1:33  Nexus  
  20  1:45  Cybernetics Core  
  21  1:54  Probe  
  21  1:58  Assimilator  
  21  2:06  Probe, Pylon  
  22  2:18  Probe  
  23  2:28  Stargate  
  23  2:30  Probe  
  24  2:40  Warp Gate  
  24  2:41  Stalker (Chrono Boost)  
  24  2:42  Probe  
  26  2:54  Probe  
  27  3:03  Gateway  
  27  3:04  Stalker (Chrono Boost)  
  29  3:06  Probe  
  29  3:09  Probe  
  31  3:13  Gateway  
  31  3:21  Probe  
  31  3:22  Pylon  
  32  3:28  Oracle  
  32  3:33  Probe  
  36  3:39  Probe  
  37  3:48  Shield Battery, Probe  
  38  3:51  Probe  
  39  3:57  Pylon  
  39  4:00  Probe  
  40  4:03  Probe  
  41  4:12  Stalker, Probe (Chrono Boost)  
  41  4:13  Stalker x2  
  41  4:16  Probe (Chrono Boost)  
  49  4:23  Probe (Chrono Boost)  
  50  4:25  Probe (Chrono Boost)  
  50  4:28  Probe (Chrono Boost)  
  50  4:30  Probe (Chrono Boost)  
  53  4:49  Probe x2  
  52  4:58  Robotics Facility  
  52  5:01  Pylon, Probe  
  52  5:03  Stalker  
  52  5:04  Stalker x2  
  59  5:08  Assimilator  
  59  5:10  Forge  
  59  5:13  Assimilator  
  59  5:14  Probe x2  
  61  5:15  Forge  
  61  5:26  Probe x2  
  63  5:30  Twilight Council  
  63  5:37  Stalker x3  
  63  5:38  Probe  
  70  5:55  Protoss Ground Weapons Level 1 (Chrono Boost)  
  70  5:56  Protoss Ground Armor Level 1 (Chrono Boost)  
  70  5:59  Nexus  
  70  6:09  Blink  
  70  6:14  Pylon  
  70  6:17  Pylon  
  70  6:22  Probe  
  70  6:23  Observer  
  70  6:32  Probe  
  71  6:34  Probe  
  71  6:37  Stalker x3  
  76  6:42  Stargate  
  76  6:44  Probe  
  76  6:47  Probe  
  78  6:51  Observer (Chrono Boost)  
  79  6:56  Probe  
  79  6:59  Probe  
  81  7:02  Phoenix  
  83  7:10  Immortal  
  87  7:31  Pylon  
  87  7:33  Pylon  
  87  7:35  Templar Archives  
  87  7:37  Pylon  
  87  7:42  Gateway  
  86  7:45  Stalker x3, Gateway  
  86  7:46  Gateway  
  92  7:58  Immortal  
  96  8:06  Probe x3  
  96  8:09  Assimilator  
  96  8:10  Charge  
  99  8:13  Assimilator  
  99  8:17  Gateway  
  99  8:18  Probe x3  
  99  8:19  Gateway  
  102  8:22  Stalker x3  
  102  8:23  Shield Battery  
  102  8:24  Gateway  
  108  8:28  Phoenix x2, Shield Battery  
  108  8:30  Probe x2  
  114  9:06  Phoenix x2  
  114  9:08  Immortal (Chrono Boost)  
  118  9:11  Protoss Ground Weapons Level 2 (Chrono Boost)  
  122  9:28  Psionic Storm  
  106  10:13  Fleet Beacon, High Templar x2  
  106  10:14  High Templar x2  
  114  10:28  Zealot x5  
  124  10:36  Pylon  
  124  10:37  Pylon  
  124  10:40  Pylon  
  124  10:41  Photon Cannon  
  124  10:43  Pylon  
  124  10:46  Photon Cannon  
  124  10:48  Gateway  
  124  10:52  Protoss Ground Armor Level 2 (Chrono Boost)  
  124  11:03  High Templar  
  124  11:04  High Templar x2  
  128  11:07  Zealot x4  
  128  11:08  Zealot  
  128  11:09  Zealot  
  142  11:14  Protoss Shields Level 1 (Chrono Boost)  
  140  11:41  Carrier x2 (Chrono Boost)  
  152  12:04  Nexus  
  152  12:07  High Templar  
  152  12:08  High Templar, Pylon  
  156  12:10  Pylon  
  156  12:12  Archon, Pylon  
  156  12:19  Observer  
  157  12:51  Protoss Air Weapons Level 1 (Chrono Boost)  
  157  13:00  Carrier x2  
  177  13:13  Assimilator  
  177  13:18  Assimilator  
  177  13:19  Warp Prism  
  179  13:29  Shield Battery  
  179  13:30  Photon Cannon  
  179  13:31  Shield Battery  
  179  13:32  Shield Battery, Photon Cannon  
  179  13:34  Photon Cannon  
  179  13:35  Shield Battery  
  179  13:36  Photon Cannon  
  179  13:40  Shield Battery  
  179  14:01  Cybernetics Core  
  179  14:06  Stargate  
  179  14:07  Stargate  
Show
View Real Time Build Order
Export as new Build Order

Corpse Terran 

Build Orders: MMM Bio 

Get SALT Encoding   

  12  0:00  SCV  
  13  0:12  SCV  
  14  0:17  Supply Depot  
  14  0:24  SCV  
  15  0:39  SCV  
  15  0:40  Barracks  
  16  0:45  Refinery  
  16  0:51  SCV  
  17  1:03  SCV  
  18  1:15  SCV  
  19  1:28  Supply Depot  
  19  1:37  Barracks Reactor  
  19  1:39  Orbital Command  
  19  1:43  Refinery  
  19  2:01  Command Center  
  19  2:06  SCV  
  20  2:15  Factory  
  20  2:16  Marine  
  20  2:20  Marine  
  22  2:34  Marine  
  22  2:42  SCV  
  23  2:50  Barracks  
  23  2:54  SCV  
  24  3:06  SCV  
  24  3:08  Starport  
  25  3:13  Barracks Tech Lab  
  25  3:18  SCV  
  26  3:21  Bunker  
  26  3:29  Orbital Command  
  26  3:31  SCV  
  27  3:38  Widow Mine  
  27  3:39  Widow Mine  
  31  3:42  Barracks Reactor  
  31  3:43  SCV  
  32  3:55  SCV x2  
  33  4:00  Starport Reactor  
  34  4:07  SCV  
  35  4:17  Cyclone  
  35  4:18  Cyclone  
  35  4:19  Marine x2  
  35  4:21  Marauder  
  45  4:26  Supply Depot  
  45  4:29  Supply Depot, SCV  
  46  4:38  SCV  
  43  4:50  SCV x2  
  44  4:57  Marauder  
  46  5:00  Marine  
  46  5:15  Marine, SCV  
  46  5:18  Marauder, Liberator, Marine  
  46  5:19  Liberator, Supply Depot  
  51  5:27  SCV  
  53  5:28  SCV  
  53  5:33  Refinery, Marine  
  53  5:35  Refinery  
  57  5:39  SCV  
  57  5:40  SCV  
  57  5:42  Cyclone  
  65  5:49  Supply Depot  
  65  5:52  SCV x2  
  67  6:04  SCV x2  
  68  6:11  Supply Depot  
  69  6:12  Stimpack  
  69  6:16  SCV  
  69  6:17  SCV  
  69  6:18  Medivac  
  71  6:37  Bunker  
  71  6:39  Marauder, Marine x2  
  75  6:53  Medivac  
  75  6:54  Medivac  
  79  6:57  Marine x2  
  79  7:00  Marauder  
  83  7:04  SCV x2  
  83  7:05  Factory Tech Lab  
  85  7:10  Engineering Bay  
  85  7:11  Engineering Bay  
  85  7:16  SCV  
  86  7:47  Missile Turret  
  86  7:58  Missile Turret  
  86  8:06  Supply Depot  
  86  8:09  Command Center  
  86  8:11  Supply Depot x2  
  86  8:19  Combat Shields  
  86  8:23  Missile Turret  
  86  8:27  Medivac x2, Marine, SCV  
  86  8:28  Marauder  
  86  8:29  Supply Depot  
  86  8:30  Barracks  
  86  8:32  Marine, SCV  
  96  8:34  Supply Depot  
  96  8:36  Supply Depot  
  96  8:39  SCV  
  97  8:45  Marine, SCV  
  99  8:50  Missile Turret  
  99  8:51  SCV  
  99  8:54  Factory  
  100  8:57  SCV  
  101  9:04  Marine x2  
  101  9:05  Marauder  
  101  9:07  Terran Infantry Weapons Level 1, Terran Infantry Armor Level 1  
  105  9:12  Armory, Missile Turret  
  105  9:13  Armory  
  105  9:16  Missile Turret  
  105  9:20  Marine, Siege Tank  
  105  9:21  Marine  
  105  9:22  Marine  
  111  9:38  Concussive Shells  
  111  9:39  Missile Turret  
  113  9:45  Marauder, Marine x2  
  109  9:59  Orbital Command  
  109  10:03  Refinery, Marine x2  
  109  10:05  Refinery  
  113  10:07  Marauder  
  113  10:12  Terran Vehicle Weapons Level 1  
  113  10:13  Terran Vehicle And Ship Armor Level 1  
  113  10:23  Factory Tech Lab  
  113  10:25  Thor  
  113  10:27  Marine x4  
  125  10:28  Marauder  
  125  10:45  Thor  
  125  10:48  Marine x2  
  133  11:04  Missile Turret  
  133  11:10  Sensor Tower  
  133  11:13  SCV x3  
  136  11:25  SCV x3  
  139  11:27  Terran Infantry Armor Level 2, Terran Infantry Weapons Level 2, Missile Turret  
  137  11:52  SCV  
  138  11:56  Command Center  
  138  11:59  Thor  
  138  12:00  Viking  
  146  12:01  Viking  
  146  12:04  SCV  
  146  12:05  Thor  
  146  12:07  Supply Depot  
  146  12:08  Supply Depot  
  155  12:10  Terran Vehicle Weapons Level 2  
  155  12:16  SCV  
  155  12:21  Terran Vehicle And Ship Armor Level 2  
  156  12:24  Marauder  
  156  12:25  Marine x2  
  156  12:26  Marine x2  
  161  12:47  SCV x3  
  161  12:50  Thor  
  161  12:51  Thor  
  176  13:05  Factory  
  176  13:14  Factory  
  176  13:43  Refinery, Command Center  
  176  13:46  Refinery  
  176  13:52  Supply Depot, Thor x2  
  188  13:55  Supply Depot  
  188  14:03  Factory Tech Lab x2  
  188  14:05  Marine  
  189  14:12  Marine x3  
  189  14:13  Marauder  
Tags
 
Add a new tag
Caveats
  • Supply blocks, unpowered buildings, or Contaminate may cause inaccurate times.
  • Supply counts are checked every 10 seconds.